 Dungeon Crawl Stone Soup version 0.19.5 (webtiles) character file.

28 JeffiDaFish the Magician (level 3, -1/24 HPs)
             Began as a Demonspawn Wizard on Oct 25, 2017.
             Slain by Ijyb
             ... wielding a +0 club
              (2 damage)
             ... on level 2 of the Dungeon.
             The game lasted 00:03:36 (1685 turns).

JeffiDaFish the Magician (Demonspawn Wizard)        Turns: 1685, Time: 00:03:36

Health: -1/24      AC:  4    Str:  7    XL:     3   Next: 0%
Magic:  4/8        EV: 11    Int: 19    God:
Gold:   83         SH:  0    Dex: 12    Spells: 3 memorised, 3 levels left

rFire  . . .     SeeInvis .     e - +0 whip
rCold  . . .     Gourm    .     f - +0 leather armour
rNeg   . . .     Faith    .     (no shield)
rPois  .         Spirit   .     b - +0 hat
rElec  .         Reflect  .     (no cloak)
rCorr  .         Harm     .     j - +0 pair of gloves
MR     .....                    (no boots)
Stlth  ++........               h - amulet of rage
                                (no ring)
                                (no ring)

@: very slightly contaminated
A: claws 1
a: Evoke Berserk Rage


You were on level 2 of the Dungeon.
You were near starving.

You visited 1 branch of the dungeon, and saw 2 of its levels.

You collected 83 gold pieces.

Inventory:

Hand Weapons
 e - a +0 whip (weapon)
Armour
 b - a +0 hat (worn)
 f - a +0 leather armour (worn)
 j - a +0 pair of gloves (worn)
Jewellery
 h - an amulet of rage (around neck)
Scrolls
 i - a scroll of remove curse
Books
 c - a book of Minor Magic

   Spells                             Type                      Level
   a - Magic Dart                     Conjuration                  1
   b - Blink                          Translocation                2
   c - Call Imp                       Summoning                    2
   d - Repel Missiles                 Charms/Air                   2
   e - Slow                           Hexes                        2
   f - Conjure Flame                  Conjuration/Fire             3
   g - Mephitic Cloud                 Conjuration/Poison/Air       3
Comestibles
 d - a bread ration


   Skills:
 + Level 0.2 Fighting
 + Level 0.1 Maces & Flails
 - Level 0.3 Armour
 + Level 1.9 Dodging
 - Level 2.0 Stealth
 * Level 3.5 Spellcasting
 * Level 1.3 Conjurations
   Level 1.0 Summonings
 + Level 1.0 Translocations
 + Level 0.0 Air Magic
 + Level 0.0 Poison Magic


You had 3 spell levels left.
You knew the following spells:

 Your Spells              Type           Power        Failure   Level  Hunger
a - Magic Dart            Conj           #...         14%         1    None
b - Blink                 Tloc           N/A          24%         2    ##.....
c - Mephitic Cloud        Conj/Pois/Air  #.......     63%         3    ###....


Dungeon Overview and Level Annotations

Branches:
Dungeon (2/15)

Altars:

Annotations:
D:2 Ijyb


Innate Abilities, Weirdness & Mutations

You have sharp fingernails.


Message History

Ijyb hits you with a club.
* * * LOW HITPOINT WARNING * * *
Things that are here:
a club; a kobold corpse Ijyb closely misses you.
Ijyb misses you. Ijyb barely misses you. Ijyb hits you with a club.
* * * LOW HITPOINT WARNING * * *
Casting: Magic Dart
Confirm with . or Enter, or press ? or * to list all spells.
You miscast Blink.
You are very lightly contaminated with residual magic.
Nothing appears to happen.
Ijyb hits you but does no damage. Ijyb misses you.
Casting: Blink
Confirm with . or Enter, or press ? or * to list all spells.
You blink.
You are near starving!
Ijyb is no longer berserk.
Ijyb hits you with a club.
You die...

..........##.......#####.....##.#
##.######.######.### #....###.#
#g# #.# #.#######.#.####.# #.####
#.# #........<>......# #....# #.#
#.#########.###### #.##.# #.# #.#
##'## #g##.###.# #.# ##...##
#........# #.# ##.....##
##.##(##### ####@## ##.......##
#...#.#######..g..####.........##
....)......g.g.......'.........')
#...#.#######.#...####.........##
##.##.# #.##.## ##....<..##
......# #.#### ##.....## #####.#
#.# ##...## ..# #.# ##+## #.#
#.### #.#


You could see Ijyb and 2 hobgoblins.

Vanquished Creatures
  An ooze (D:1)
  A dart slug (D:1)
  2 giant cockroaches (D:2)
  A goblin (D:2)
  2 hobgoblins (D:2)
  3 jackals (D:2)
  A ball python (D:1)
  3 bats
  2 frilled lizards
  5 kobolds
  A rat (D:1)
22 creatures vanquished.

Notes
Turn   | Place    | Note
-------+----------+-------------------------------------------
     0 | D:1      | JeffiDaFish the Demonspawn Wizard began the quest for the Orb.
     0 | D:1      | Reached XP level 1. HP: 13/13 MP: 4/4
   477 | D:1      | Gained mutation: You have sharp fingernails. [demonic ancestry]
   477 | D:1      | Reached XP level 2. HP: 19/19 MP: 0/6
   506 | D:1      | Learned a level 2 spell: Blink
   726 | D:1      | Reached skill level 1 in Translocations
  1500 | D:2      | Reached XP level 3. HP: 13/24 MP: 4/8
  1505 | D:2      | Learned a level 3 spell: Mephitic Cloud
  1507 | D:2      | Noticed Ijyb
  1680 | D:2      | HP: 1/24 [Ijyb/club (4)]
  1685 | D:2      | Slain by Ijyb

Skill      XL: |  1  2 |
---------------+-------+-----
Stealth        | 2 |  2.0
Translocations | 1 |  1.0
Fighting       | |  0.2
Maces & Flails | |  0.1
Armour         | |  0.3
Dodging        | |  1.9
Spellcasting   | |  3.5
Conjurations   | |  1.3
Summonings     | |  1.0

Action                   || total
-------------------------++-------
Melee: Whip              ||    97
 Cast: Magic Dart        ||    40
       Blink             ||     1
  Use: Scroll            ||     2
       Potion            ||     1
 Stab: Sleeping          ||     2
  Eat: Chunk             ||     1
Armor: Leather armour    ||    38
Dodge: Dodged            ||    66
